 Dungeon Crawl Stone Soup version 0.23-a0-389-g4a5eb33 (webtiles) character file.

371 MisterFreud the Spear-Bearer (level 6, 0/47 HPs)
             Began as a Merfolk Abyssal Knight on Oct 29, 2018.
             Was a Priest of Lugonu.
             Slain by an orc priest
             ... wielding a +1 hand axe of venom
              (7 damage)
             ... on level 3 of the Dungeon.
             The game lasted 00:12:53 (3289 turns).

MisterFreud the Spear-Bearer (MfAK)                 Turns: 3289, Time: 00:12:54

Health: 0/47       AC:  5    Str: 12    XL:     6   Next: 71%
Magic:  7/7        EV: 15    Int: 11    God:    Lugonu [***...]
Gold:   139        SH:  2    Dex: 16    Spells: 5/5 levels left

rFire    . . .     SeeInvis .   a - +1 spear
rCold    . . .     Gourm    .   (no shield)
rNeg     . . .     Faith    .   l - +0 robe (curse)
rPois    .         Spirit   .   (no helmet)
rElec    .         Reflect  +   (no cloak)
rCorr    .         Harm     .   (no gloves)
MR       .....                  e - +2 pair of boots
Stlth    +.........             j - +2 amulet of reflection
HPRegen  0.15/turn              (no ring)
MPRegen  0.10/turn              (no ring)

@: lethally poisoned (0 -> -12), drained
A: change form in water, swift swim, stealthy swim
a: Depart the Abyss, Bend Space, Banish, Renounce Religion


You were on level 3 of the Dungeon.
You worshipped Lugonu.
Lugonu was most pleased with you.
You were not hungry.

You visited 1 branch of the dungeon, and saw 4 of its levels.
You visited the Abyss 1 time.

You collected 139 gold pieces.

Inventory:

Hand Weapons
 a - a +1 spear (weapon)
Missiles
 g - 73 stones (quivered)
 h - 81 arrows
 i - 5 tomahawks
Armour
 b - a +1 leather armour
 e - a +2 pair of boots (worn)
 l - a cursed +0 robe (worn)
Jewellery
 j - a +2 amulet of reflection (around neck)
Scrolls
 f - a scroll of enchant armour
 o - 2 scrolls of teleportation
Potions
 d - a potion of degeneration
Comestibles
 c - 9 rations
 k - 3 chunks of flesh


   Skills:
 - Level 3.2(2.4) Fighting
 - Level 8.1(7.1) Polearms
 - Level 0.6(0.0) Armour
 + Level 5.9(4.9) Dodging
 - Level 2.0(1.1) Invocations


You had 5 spell levels left.
You didn't know any spells.
Your spell library was empty.

Dungeon Overview and Level Annotations

Branches:
Dungeon (4/15)
 Temple: D:4-7

Altars:
Gozag
Wu Jian

Shops:
D:4 %


Message History

The orc priest looks braver for a moment.
The orc priest barely misses you.
You puncture the orc priest!
The orc priest is heavily wounded.
* * * LOW HITPOINT WARNING * * *
You feel sick.
Okay, then.
You hit the orc priest.
The orc priest is severely wounded.
The orc priest misses you.
You hit the orc priest but do no damage.
The orc priest is severely wounded.
* * * LOW HITPOINT WARNING * * *
You feel sick.
You hit the orc priest but do no damage.
The orc priest is severely wounded.
* * * LOW HITPOINT WARNING * * *
You feel sick.
The orc priest hits you with a +1 hand axe of venom!
You die...

##.#..#.#.########.
...#..#.#.# #. .##
#..#.#.###### #. ..
#..#........# ## .
#..#...####.# #
#..#..รท# # ..<#...#
.#### ############...#
#.....
.......@ooo....#########
#############.........#
#.o....##. #......#
#......# #......#
#........ #.##...... #.
.......


You could see 2 orc priests and an orc.

Vanquished Creatures
  An ogre (D:4)
  A howler monkey (D:2)
  2 orc priests (D:3)
  Natasha (twice) (D:2)
  3 adders
  7 oozes (D:1)
  A worm (D:1)
  A dart slug (D:3)
  3 leopard geckos
  4 orcs (D:3)
  7 giant cockroaches
  11 goblins
  6 hobgoblins
  3 jackals (D:1)
  5 kobolds
  2 quokkas
  2 ball pythons
  9 bats
  3 frilled lizards
  13 rats
86 creatures vanquished.

Notes
Turn   | Place    | Note
-------+----------+-------------------------------------------
     0 | Abyss:1  | MisterFreud the Merfolk Abyssal Knight began the quest for
                  | the Orb.
     0 | Abyss:1  | Reached XP level 1. HP: 18/18 MP: 2/2
     1 | Abyss:1  | Found a corrupted altar of Lugonu.
    40 | Abyss:1  | Noticed a starcursed mass
    50 | D:1      | Escaped the Abyss
   319 | D:1      | Found a runed door.
   367 | D:1      | Reached * piety under Lugonu
   367 | D:1      | Reached skill level 4 in Polearms
   367 | D:1      | Reached XP level 2. HP: 19/24 MP: 3/3
   387 | D:1      | Reached skill level 5 in Polearms
   387 | D:1      | Reached XP level 3. HP: 17/29 MP: 4/4
   827 | D:1      | Reached skill level 6 in Polearms
   855 | D:1      | Reached XP level 4. HP: 16/35 MP: 5/5
  1200 | D:1      | Reached ** piety under Lugonu
  1594 | D:2      | You fall through a shaft!
  1744 | D:2      | Reached skill level 7 in Polearms
  1744 | D:2      | Reached XP level 5. HP: 38/41 MP: 6/6
  2100 | D:2      | Found an ornate altar of the Wu Jian Council.
  2185 | D:2      | Noticed Natasha
  2186 | D:2      | Found an opulent altar of Gozag.
  2197 | D:2      | Killed Natasha
  2197 | D:2      | Reached skill level 8 in Polearms
  2293 | D:2      | Noticed Natasha
  2312 | D:2      | Killed Natasha
  2489 | D:4      | Noticed an ogre
  2520 | D:4      | Killed an ogre
  2520 | D:4      | Reached skill level 5 in Dodging
  2520 | D:4      | Reached XP level 6. HP: 11/47 MP: 7/7
  2837 | D:4      | Found Defit's Food Emporium.
  3012 | D:3      | Reached *** piety under Lugonu
  3289 | D:3      | Slain by an orc priest

Vault maps used:
D:1:      dpeg_arrival_caged_fury
D:2:      grunt_gozag_statues, old_standard_altar, uniq_natasha
D:3:      first_ration
D:4:      serial_shops, kennysheep_mini

Skill      XL: |  1  2  3  4  5 |
---------------+----------------+-----
Polearms       | 4 5 6 7 8 |  8.1
Dodging        | 5 |  5.9
Fighting       | |  3.2
Armour         | |  0.6
Invocations    | |  2.0

Action                   |  1- 3 |  4- 6 || total
-------------------------+-------+-------++-------
Melee: Spear             |   127 |   244 ||   371
Invok: Depart the Abyss  |     1 |       ||     1
  Use: Scroll            |       |     6 ||     6
       Potion            |       |     4 ||     4
 Stab: Sleeping          |     1 |     2 ||     3
  Eat: Chunk             |       |     8 ||     8
Armor: Leather armour    |    13 |    38 ||    51
       Skin              |       |     2 ||     2
       Robe              |       |     2 ||     2
Dodge: Dodged            |    47 |    80 ||   127
Block: Other             |       |     5 ||     5

Table legend:
 A = Non-vault XP
 B = Vault XP
 C = Vault XP percentage of total XP
 D = Non-vault monster count
 E = Vault monster count
 F = Vault count percentage of total count
                 A         B        C        D         E       F
            +---------+---------+-------+---------+---------+-------
      Total |     424 |     107 |  20.2 |      65 |      21 |  24.4
            +---------+---------+-------+---------+---------+-------
        D:1 |      45 |      74 |  62.2 |      28 |      20 |  41.7
        D:2 |     118 |      33 |  21.9 |      14 |       1 |   6.7
        D:3 |     147 |       0 |   0.0 |      21 |       0 |   0.0
        D:4 |     114 |       0 |   0.0 |       2 |       0 |   0.0
            +---------+---------+-------+---------+---------+-------
